 Dungeon Crawl Stone Soup version 0.31-a0-846-gb3bcc0d938 (console) character file.

Game seed: 17743458540727119688

181 petzl the Sneak (level 5, -7/36 (42) HPs)
             Began as a Formicid Delver on Oct 3, 2023.
             Was an Initiate of Vehumet.
             Mangled by a boulder beetle (43 damage)
             ... on level 12 of the Dungeon.
             The game lasted 00:12:28 (1353 turns).

petzl the Sneak (Formicid Delver)                   Turns: 1353, Time: 00:12:29

HP:   -7/36 (42)    AC:  7    Str: 17    XL:     5   Next: 92%
MP:   11/11         EV: 12    Int: 11    God:    Vehumet [......]
Gold: 38            SH:  0    Dex: 15    Spells: 12/12 levels left

rFire   . . .        a - +0 orcbow
rCold   . . .        (no shield)
rNeg    . . .        h - +0 leather armour
rPois   .            (helmet unavailable)
rElec   .            (no cloak)
rCorr   .            (no gloves)
SInv    +            (no boots)
Will    .....        (no amulet)
Stlth   +++          f - +4 ring of protection
HPRegen 0.26/turn    (no ring)
MPRegen 0.12/turn

%: no passive effects
@: heavily drained
A: permanent stasis, dig shafts and tunnels, antennae 3, four strong arms
a: Dig, Shaft Self, Renounce Religion


You were on level 12 of the Dungeon.
You worshipped Vehumet.
Vehumet was noncommittal.
You visited 2 branches of the dungeon, and saw 10 of its levels.

You collected 38 gold pieces.

Inventory:

Hand Weapons
 a - a +0 orcbow (weapon)
 b - a +0 mace
Armour
 h - a +0 leather armour (worn)
Jewellery
 f - a +4 ring of protection (left hand)
Wands
 k - a wand of roots (5)
Scrolls
 c - a scroll of fog
 d - a scroll of blinking {unknown}
 g - a scroll of poison {unknown}
 i - a scroll of amnesia
Potions
 e - a potion of heal wounds {unknown}
 j - 2 potions of brilliance {unknown}
 m - 2 potions of curing {unknown}


   Skills:
 + Level 3.7 Fighting
 - Level 2.0 Maces & Flails
 * Level 2.0 Ranged Weapons
 - Level 1.7 Dodging
 - Level 6.0 Stealth
 + Level 4.2 Spellcasting


You had 12 spell levels left.
You didn't know any spells.
Your spell library was empty.

Dungeon Overview and Level Annotations

Branches:
Dungeon (14/15)            Temple (1/1) D:6             Orc (0/2) D:10
   Lair: D:8-11      Vaults: D:13-14

Altars:
Ashenzari
Dithmenos
Elyvilon
Fedhas
Gozag
Hepliaklqana
Kikubaaqudgha
Makhleb
Nemelex Xobeh
Okawaru
Ru
Sif Muna
Vehumet
Wu Jian
Xom
Yredelemnul
Zin
The Shining One

Annotations:
D:5 exclusion: scorpion
D:7 exclusions: 2 downstairs and 4 sensed monsters (detected)
D:11 exclusions: boulder beetle, cyclops, downstairs, sensed monster (detected) and upstairs
D:12 exclusion: downstairs
D:13 exclusions: centaur warrior, downstairs, ice devil and sensed monster (detected)


Innate Abilities, Weirdness & Mutations

You cannot be hasted, slowed, berserked, paralysed or teleported.
You can dig through walls and to a lower floor.
You have a pair of large antennae on your head. (SInv)
Your four strong arms can wield two-handed weapons with a shield.


Message History

You drop a scroll of noise.
Found a long bone wand.
You see here a +0 chain mail.
Press: ? - help, v - describe, . - travel
Here: a cyclops, quivering large rocks (asleep)
The floor.
Placed new exclusion.
Unknown command.
Found a robe.
You extend your mandibles.
You dig through the rock wall.
You feel drained.
You dig through the rock wall.
You feel drained.
Found 4 stones.
You retract your mandibles.
k - a wand of roots (5) Unknown command.
Okay, then.
Unknown command.
You extend your mandibles.
Unknown command.
Unknown command.
Press: ? - help, . - travel You can't see that place. [the floor.] Placed new exclusion.
Unknown command.
You retract your mandibles.
Unknown command.
Are you sure you want to shaft yourself?
You begin to dig a shaft.
You continue digging a shaft.
A shaft appears beneath you!
You fall into a shaft and drop 1 floor!
The shaft crumbles and collapses.
Level annotation: exclusion: downstairs
Found 37 gold pieces.
The boulder beetle curls into a ball and begins rolling!
You see here 18 gold pieces.
You open the door. The boulder beetle hits you!!!
Ouch! That really hurt!
You die...

###### ....... ...##..
######+#.......
............... ##
.###........... ..
..............$ #.
.#######....######.###.##+#
.......@B○..# ..........
.......#..○.+ ..........
########$..°######+#####'##
...........°..............
..#..#.........#.....#..#.
.... .....................
### ######################


You could see a boulder beetle (rolling).

Vanquished Creatures
  A centaur (D:6)
  A wight (D:7)
  An iguana (D:7)
  A gnoll (D:8)
  A shadow imp (D:7)
  2 orcs
7 creatures vanquished.

Notes
Turn   | Place    | Note
-------+----------+-------------------------------------------
     0 | D:5      | petzl the Formicid Delver began the quest for the Orb.
     0 | D:5      | Reached XP level 1. HP: 18/18 MP: 1/1
    11 | D:5      | Noticed a scorpion
    18 | D:6      | Noticed a centaur
    18 | D:6      | Found a staircase to the Ecumenical Temple.
    24 | D:6      | Killed a centaur
    25 | D:6      | Reached XP level 2. HP: 9/24 MP: 1/6
    25 | D:6      | Reached XP level 3. HP: 11/29 MP: 1/8
    25 | D:6      | Reached XP level 4. HP: 13/35 MP: 1/9
   122 | Temple   | Entered the Ecumenical Temple
   161 | D:5      | Noticed a centaur
   177 | D:5      | You fall into a shaft and drop 2 floors!
   177 | D:7      | Found a burning altar of Makhleb.
   302 | D:7      | Reached skill level 1 in Ranged Weapons
   302 | D:7      | Reached XP level 5. HP: 22/41 MP: 9/11
   401 | D:7      | Found a radiant altar of Vehumet.
   407 | D:7      | Became a worshipper of Vehumet
   426 | D:7      | Noticed a sky beast
   454 | D:7      | Noticed an ogre
   454 | D:7      | Noticed an ogre
   454 | D:7      | Noticed a centaur
   454 | D:7      | Noticed an orc warrior
   454 | D:7      | Noticed a kobold brigand
   575 | D:8      | Noticed a wyvern
   575 | D:8      | Noticed a two-headed ogre
   692 | D:7      | You fall into a shaft and drop 1 floor!
   794 | D:8      | Noticed a wyvern
   794 | D:8      | Noticed a basilisk
   813 | D:8      | You fall into a shaft and drop 3 floors!
   857 | D:11     | Noticed a shadow
   858 | D:11     | Noticed an orc warrior
   949 | D:10     | Entered Level 10 of the Dungeon
   949 | D:10     | Noticed a steam dragon
   949 | D:10     | Noticed a wyvern
   949 | D:10     | Noticed a shadow
   959 | D:11     | You fall into a shaft and drop 1 floor!
   969 | D:12     | Noticed a centaur
   969 | D:12     | Noticed a centaur
   981 | D:12     | Noticed a centaur
   981 | D:12     | Noticed a centaur
   981 | D:12     | Noticed a centaur
   982 | D:12     | Noticed a centaur
   982 | D:12     | Noticed a boulder beetle
  1062 | D:11     | Noticed a boulder beetle
  1082 | D:11     | Noticed a yak
  1082 | D:11     | Noticed a yak
  1133 | D:11     | Noticed a skeletal warrior
  1187 | D:11     | Noticed a skeletal warrior
  1188 | D:11     | Noticed a skeletal warrior
  1190 | D:11     | Noticed a skeletal warrior
  1190 | D:11     | Noticed a cyclops
  1195 | D:11     | You fall into a shaft and drop 3 floors!
  1204 | D:14     | Noticed a tengu warrior
  1244 | D:13     | Noticed a centaur warrior
  1252 | D:13     | Noticed an ice devil
  1289 | D:13     | Noticed a wraith
  1345 | D:11     | You fall into a shaft and drop 1 floor!
  1353 | D:12     | Mangled by a boulder beetle

Illustrated notes

Levels and vault maps discovered:
D:5:      layout_basic, portal_sewer_entry_c
D:6:      layout_loops_corners, nicolae_overflow_quartered_altars,
          minmay_temple_entry_glass, serial_bayou_pond_b, feat_on_display,
          uniq_duvessa, uniq_grinder
D:7:      kennysheep_seaside_town, layout_loops_ring, bloody_makhleb,
          mainiacjoe_overflow_alcove_1, minmay_manual_monolith, uniq_maggie,
          uniq_joseph
D:8:      minmay_weird_star, layout_basic, erik_lair_dragon
D:10:     layout_cave_pools, erik_orc_3, serial_shops, shop, serial_demonic,
          serial_demonic_a, serial_demonic_e, serial_demonic_e,
          serial_demonic_d, ploomutoo_gammafunk_ghost_potion_laboratory,
          small_chamber_with_monster, grunt_ministairs_8
D:11:     layout_rooms, vehumet_crystals
D:12:     layout_stronghold, uniq_nergalle
D:13:     cheibrodos_frozen_isle, layout_cave_pools, enter_trove_6
D:14:     layout_cave_pools, hangedman_vaults_entry_quadrant_bands,
          nicolae_concentric_dashed_squares_wild
Temple:   minmay_temple_bridge_d

Skill      XL: |  1  2  3  4  5 |
---------------+----------------+-----
Spellcasting   | 3 4 |  4.2
Ranged Weapons | 1 2 |  2.0
Fighting       | |  3.7
Maces & Flails | |  2.0
Dodging        | |  1.7
Stealth        | |  6.0

Action                     |  1- 3 |  4- 6 || total
---------------------------+-------+-------++-------
  Melee: Mace              |     5 |     5 ||    10
   Fire: Orcbow            |       |    36 ||    36
Ability: Shaft Self        |       |     7 ||     7
         Dig               |       |     3 ||     3
  Evoke: Wand              |       |     3 ||     3
    Use: Scroll            |       |     6 ||     6
   Stab: Sleeping          |     1 |       ||     1
 Armour: Leather armour    |     6 |    29 ||    35
  Dodge: Dodged            |    10 |    24 ||    34

Table legend: (Time is in decaauts)
 A = Elapsed time spent in this place.
 B = Non-inter-level travel time spent in this place.
 C = Inter-level travel time spent in this place.
 D = Time resting spent in this place.
 E = Time spent auto-exploring this place.
 F = Levels seen in this place.
 G = Mean time per level.
                   A        B        C        D        E       F      G
               +--------+--------+--------+--------+--------+-----+--------+
         Total |   1370 |   1332 |     38 |    478 |    107 |  10 |  137.0 |
       Dungeon |   1369 |   1332 |     37 |    478 |    107 |   9 |  152.1 |
        Temple |      1 |      0 |      1 |      0 |      0 |   1 |    1.0 |
               +--------+--------+--------+--------+--------+-----+--------+

Top non-repeatable levels by time:
     D:7: 479 daAuts
    D:11: 396 daAuts
     D:8: 171 daAuts
     D:6: 114 daAuts
    D:13: 66 daAuts
     D:5: 64 daAuts
    D:12: 60 daAuts
    D:14: 12 daAuts
    D:10: 2 daAuts
  Temple: 1 daAuts
